 Dungeon Crawl Stone Soup version 0.26.1-2-gb8aa6d0cf2 (webtiles) character file.

Game seed: 6119682736269954976

15933 Goaboa the Fighter (level 12, -5/107 (113) HPs)
             Began as a Minotaur Fighter on Feb 19, 2021.
             Was an Elder of Ru.
             Slain by a minotaur
             ... wielding an uncursed staff of cold
              (24 damage)
             ... in a Gauntlet.
             The game lasted 00:56:09 (11156 turns).

Goaboa the Fighter (Minotaur Fighter)              Turns: 11156, Time: 00:56:10

HP:   -5/107 (113)  AC: 21    Str: 28    XL:     12   Next: 5%
MP:   11/11         EV:  8    Int:  5    God:    Ru [****..]
Gold: 1622          SH:  0    Dex: 13    Spells: 11/11 levels left

rFire    + + .     SeeInvis .   H - +9 great mace of Karma {freeze, Str+2}
rCold    + . .     Faith    .   (shield currently unavailable)
rNeg     . . .     Spirit   .   B - +0 plate armour
rPois    .         Reflect  .   (helmet restricted)
rElec    .         Harm     .   (no cloak)
rCorr    .         Rampage  .   z - +0 pair of gloves
Will     .....     NoTele   +   p - +1 pair of boots
Stlth    ..........             F - amulet of regeneration
HPRegen  0.67/turn              E - ring of protection from fire
MPRegen  0.12/turn              m - ring of Panentheism {+Fly rF+ Dex+3}

@: mighty, exhausted, drained
A: retaliatory headbutt, horns 2, thin metallic scales 1, cold resistance 1,
inability to use devices, hated by all, weak-willed 1, sturdy frame 1
a: Renounce Religion, Draw Out Power, Power Leap


You were in a Gauntlet.
You worshipped Ru.
Ru was greatly pleased with you.
You visited 3 branches of the dungeon, and saw 14 of its levels.
You also visited: Gauntlet.

You collected 1622 gold pieces.

Inventory:

Hand Weapons
 a - a +0 flail
 d - a +3 morningstar
 i - the +7 dire flail of Kismet {flame, *Drain rPois Dex+3 Stlth+}
   (You took it off a two-headed ogre on level 10 of the Dungeon)

   It has been specially enchanted to burn those struck by it, causing extra
   injury to most foes and up to half again as much damage against particularly
   susceptible opponents.
   It affects your dexterity (+3).
   It protects you from poison.
   It causes draining when unequipped.
   It makes you more stealthy.
 k - a +3 vorpal flail
 D - a +2 whip of electrocution
 H - the +9 great mace of Karma (weapon) {freeze, Str+2}
   (You took it off a two-headed ogre on level 10 of the Dungeon)

   It has been specially enchanted to freeze those struck by it, causing extra
   injury to most foes and up to half again as much damage against particularly
   susceptible opponents.
   It can also slow down cold-blooded creatures.
   It affects your strength (+2).
Armour
 b - a +0 scale mail
 c - a +0 kite shield
 l - a +0 tower shield
 p - a +1 pair of boots (worn)
 z - a +0 pair of gloves (worn)
 B - a +0 plate armour (worn)
Jewellery
 m - the ring of Panentheism (right hand) {+Fly rF+ Dex+3}
   (You found it in a Gauntlet)

   [ring of protection from fire]

   It affects your dexterity (+3).
   It protects you from fire.
   It lets you fly.
 E - a ring of protection from fire (left hand)
 F - an amulet of regeneration (around neck)
Scrolls
 f - a scroll of teleportation
 g - 4 scrolls of amnesia
 q - 8 scrolls of remove curse
 w - 2 scrolls of noise
 y - 2 scrolls of blinking
 G - 2 scrolls of enchant weapon {unknown}
 I - a scroll of silence {unknown}
Potions
 e - a potion of ambrosia
 h - 3 potions of curing
 j - a potion of degeneration {unknown}
 o - 5 potions of flight
 r - a potion of cancellation {unknown}
 s - a potion of attraction
 t - a potion of mutation
 C - 2 potions of lignification


   Skills:
 + Level 12.7 Fighting
 + Level 12.3 Maces & Flails
 + Level 12.5 Armour
 - Level 0.2 Dodging
 - Level 0.1 Stealth
 - Level 10.6 Shields


You had 11 spell levels left.
You didn't know any spells.
Your spell library contained the following spells:

 Spells                   Type           Power        Failure   Level
 Confusing Touch          Hex            0%           100%        3
 Gell's Gravitas          Tloc           0%           100%        3
 Petrify                  Tmut/Erth      0%           100%        4
 Bolt of Magma            Conj/Fire/Erth 0%           100%        5
 Iskenderun's Battlesphe  Conj           0%           100%        5
 Metabolic Englaciation   Hex/Ice        0%           100%        5
 Yara's Violent Unravell  Hex/Tmut       0%           100%        5
 Iron Shot                Conj/Erth      0%           100%        6
 Orb of Destruction       Conj           0%           100%        7
 Spellforged Servitor     Conj/Summ      Unusable     N/A         7

Dungeon Overview and Level Annotations

Branches:
Dungeon (11/15)            Temple (1/1) D:6            Lair (0/6) D:9
    Orc (2/2) D:10            Elf (0/3) Orc:2       Gauntlet (1/1)

Altars:
Ashenzari
Cheibriados
Dithmenos
Elyvilon
Fedhas
Gozag
Hepliaklqana
Kikubaaqudgha
Makhleb
Nemelex Xobeh
Okawaru
Qazlal
Ru
Sif Muna
Trog
Uskayaw
Vehumet
Wu Jian
Xom
Yredelemnul
Zin
The Shining One
Beogh
Jiyva

Shops:
D:10 ?

Annotations:
Gauntlet 2 transporters, 2 runed translucent doors


Innate Abilities, Weirdness & Mutations

You reflexively headbutt those who attack you in melee.
You have a pair of horns on your head.
You cannot study or use magical devices.
You are hated by all.
You are slightly weak-willed. (Will-)
You are partially covered in thin metallic scales. (AC +2)
Your flesh is cold resistant. (rC+)
Your movements are slightly less encumbered by armour. (ER -2)


Message History

* * * LOW HITPOINT WARNING * * *
The minotaur gores you!
* * * LOW HITPOINT WARNING * * *
Press: ? - help, v - describe, . - travel
Here: a minotaur, wielding a staff of cold, wearing a +0 plate armour, wearing the ring of Nerey {+Fly rCorr Int+3} and quivering 16 silver javelins (moderately wounded, softly glowing)
The floor, spattered with blood.
Okay, then.
Okay, then.
You thump the minotaur! You freeze the minotaur.
Your headbutt misses the minotaur.
The minotaur is heavily wounded.
The minotaur hits you but does no damage.
The minotaur freezes you.
* * * LOW HITPOINT WARNING * * *
The minotaur gores you but does no damage.
You completely miss the minotaur.
The minotaur is heavily wounded.
The minotaur is stunned by your conviction and fails to attack.
The minotaur hits you with an uncursed staff of cold!!
You die...

************
**,**,**,*#.***
*,,,,,###,..,,*
*,**,*#∩#*.#*,*
**,**,*#H##.#*,**
*,,.,,,#@#..,,,,*
*,*#.**#.#.#*,***
*.##.###'#.##.###
*.......(.......#
*##.##.##.##.##.#
*##.##.##.##.##.#
*...............#
**.##.##.##.##.##
**#.##.##.##.##.##*


You could see a minotaur (corona).

Vanquished Creatures
  A stone giant (Orc:2)
  A dire elephant (Gauntlet)
  The ghost of oldnick the Grappler, a journeyman TrMo of the Shining One (D:10)
  2 two-headed ogres
  A death knight (D:11)
  Pikel (D:8)
  2 orc knights
  An orc sorcerer (Orc:2)
  An elephant (Gauntlet)
  A gargoyle (D:10)
  Psyche (D:9)
  2 trolls
  2 shadows (Gauntlet)
  A wyvern (D:10)
  A steam dragon (D:10)
  A warg (Orc:1)
  5 small abominations (Gauntlet)
  2 water moccasins
  15 orc warriors
  3 sky beasts
  A black bear (D:8)
  A phantom (D:5)
  3 ice beasts
  11 ogres
  4 centaurs
  A big kobold (D:10)
  8 bullfrogs
  A wyvern skeleton (D:6)
  2 scorpions
  6 killer bees
  4 howler monkeys
  20 wights
  2 quasits
  A jelly (D:5)
  2 bullfrog skeletons
  8 orc priests
  5 hounds
  19 orc wizards
  A gnoll shaman (D:9)
  4 iguanas
  5 worker ants
  A killer bee zombie (D:9)
  3 hound zombies
  3 worker ant zombies
  4 gnolls (D:9)
  10 adders
  A shadow imp (D:9)
  6 white imps
  2 ufetubi
  2 oozes
  A dart slug (D:1)
  A worm (D:3)
  6 leopard geckos
  55 orcs
  4 giant cockroaches
  4 goblins
  4 hobgoblins
  4 jackals
  15 kobolds
  5 quokkas
  2 ball pythons
  10 bats
  3 frilled lizards
  A jackal zombie (D:8)
  A leopard gecko zombie (D:7)
  A quokka zombie (D:5)
  8 rats
311 creatures vanquished.

Vanquished Creatures (others)
  An orc warrior (Orc:2)
  A phantom (D:9)
  A wight (D:10)
  An iguana (D:11)
  An orc wizard (Orc:2)
  3 jackals (D:9)
8 creatures vanquished.

Grand Total: 319 creatures vanquished

Notes
Turn   | Place    | Note
-------+----------+-------------------------------------------
     0 | D:1      | Goaboa the Minotaur Fighter began the quest for the Orb.
     0 | D:1      | Reached XP level 1. HP: 19/19 MP: 0/0
   380 | D:1      | Reached XP level 2. HP: 27/27 MP: 1/1
  1010 | D:2      | Reached XP level 3. HP: 33/33 MP: 2/2
  2117 | D:3      | Reached XP level 4. HP: 34/41 MP: 3/3
  2901 | D:3      | Found a stormy altar of Qazlal.
  3084 | D:4      | Found a shadowy altar of Dithmenos.
  3095 | D:4      | Noticed an ogre
  3104 | D:4      | Killed an ogre
  3105 | D:4      | Reached skill level 5 in Fighting
  3105 | D:4      | Reached XP level 5. HP: 34/48 MP: 4/4
  3235 | D:4      | Noticed a torpor snail
  3239 | D:4      | Found a snail-covered altar of Cheibriados.
  3239 | D:4      | Noticed a torpor snail
  3239 | D:4      | Noticed a torpor snail
  3341 | D:4      | Noticed a centaur
  3349 | D:4      | Killed a centaur
  3350 | D:4      | Reached skill level 5 in Armour
  3350 | D:4      | Reached skill level 5 in Shields
  3350 | D:4      | Reached XP level 6. HP: 34/56 MP: 5/5
  3520 | D:4      | Found a sparkling altar of Nemelex Xobeh.
  3757 | D:4      | Found an ornate altar of the Wu Jian Council.
  3936 | D:4      | Found a blossoming altar of Fedhas.
  4071 | D:5      | Entered Level 5 of the Dungeon
  4208 | D:5      | Reached skill level 5 in Maces & Flails
  4208 | D:5      | Reached XP level 7. HP: 52/61 MP: 6/6
  5093 | D:6      | Reached XP level 8. HP: 63/71 MP: 7/7
  5673 | D:6      | Found a staircase to the Ecumenical Temple.
  5679 | Temple   | Entered the Ecumenical Temple
  5751 | Temple   | Became a worshipper of Ru the Awakened
  6099 | D:7      | Found a hide-covered altar of Uskayaw.
  6148 | D:7      | Reached XP level 9. HP: 81/81 MP: 8/8
  7103 | D:8      | Gained mutation: You are slightly weak-willed. (Will-) [Ru
                  | sacrifice]
  7103 | D:8      | Reached * piety under Ru
  7202 | D:8      | Noticed Pikel
  7219 | D:8      | Killed Pikel
  7348 | D:8      | Found a hazy altar of Hepliaklqana.
  7490 | D:9      | Noticed a two-headed ogre
  7498 | D:9      | Killed a two-headed ogre
  7499 | D:9      | Reached XP level 10. HP: 54/91 MP: 9/9
  7667 | D:9      | Found a burning altar of Makhleb.
  7738 | D:9      | Found a radiant altar of Vehumet.
  7801 | D:9      | Found a staircase to the Lair.
  7835 | D:9      | Found a glowing silver altar of Zin.
  7835 | D:9      | Found a bloodstained altar of Trog.
  7962 | D:9      | Noticed Psyche
  8122 | D:9      | Killed Psyche
  8123 | D:9      | Reached skill level 10 in Fighting
  8295 | D:10     | Entered Level 10 of the Dungeon
  8295 | D:10     | Found Puj Usu's Magic Scroll Shop.
  8295 | D:10     | Found a transporter.
  8296 | D:10     | Noticed oldnick's ghost (journeyman TrMo)
  8297 | D:10     | Identified the +7 dire flail of Kismet {flame, *Drain rPois
                  | Dex+3 Stlth+}
  8297 | D:10     | Identified the +9 great mace of Karma {freeze, Str+2}
  8297 | D:10     | Noticed a two-headed ogre
  8312 | D:10     | Found a transporter.
  8319 | D:10     | Reached skill level 10 in Shields
  8371 | D:10     | Gained mutation: You are partially covered in thin metallic
                  | scales. (AC +2) [potion of mutation]
  8371 | D:10     | Gained mutation: Your movements are slightly less
                  | encumbered by armour. (ER -2) [potion of mutation]
  8371 | D:10     | Gained mutation: Your flesh is cold resistant. (rC+)
                  | [potion of mutation]
  8402 | D:10     | Killed a two-headed ogre
  8403 | D:10     | Reached skill level 10 in Armour
  8411 | D:10     | Killed oldnick's ghost
  8412 | D:10     | Reached skill level 10 in Maces & Flails
  8755 | D:10     | Found a staircase to the Orcish Mines.
  8763 | D:10     | Reached XP level 11. HP: 85/101 MP: 10/10
  8780 | D:10     | Gained mutation: You cannot study or use magical devices.
                  | [Ru sacrifice]
  8780 | D:10     | Reached ** piety under Ru
  8780 | D:10     | Reached *** piety under Ru
  9334 | D:10     | Found an iron altar of Okawaru.
  9402 | Orc:1    | Entered Level 1 of the Orcish Mines
  9448 | Orc:1    | Noticed an orc knight
  9453 | Orc:1    | Killed an orc knight
  9820 | Orc:2    | Entered Level 2 of the Orcish Mines
  9820 | Orc:2    | Found a roughly hewn altar of Beogh.
  9820 | Orc:2    | Noticed an orc sorcerer
  9821 | Orc:2    | Paralysed by an orc sorcerer for 3 turns
  9828 | Orc:2    | Killed an orc sorcerer
  9865 | Orc:2    | Found a staircase to the Elven Halls.
  9876 | Orc:2    | Noticed a stone giant
  9890 | Orc:2    | Killed a stone giant
 10060 | Orc:2    | Noticed an orc knight
 10387 | Orc:2    | Killed an orc knight
 10555 | Orc:2    | Noticed an orc knight
 10560 | Orc:2    | Noticed an orc knight
 10560 | Orc:2    | Noticed an orc knight
 10561 | Orc:2    | Noticed an orc sorcerer
 10565 | Orc:2    | Noticed an orc high priest
 10713 | D:11     | Noticed a death knight
 10730 | D:11     | Killed a death knight
 10738 | D:11     | Gained mutation: You are hated by all. [Ru sacrifice]
 10738 | D:11     | Reached **** piety under Ru
 10916 | D:11     | Found a gate leading to a gauntlet.
 10922 | Gauntlet | Entered a Gauntlet
 10922 | Gauntlet | Found a transporter.
 10931 | Gauntlet | Found a transporter.
 10933 | Gauntlet | Found a transporter.
 10978 | Gauntlet | Found a transporter.
 10989 | Gauntlet | Got a coiled copper ring
 10991 | Gauntlet | Identified the ring of Panentheism {+Fly rF+ Dex+3} (You
                  | found it in a Gauntlet)
 11003 | Gauntlet | Noticed a catoblepas
 11080 | Gauntlet | Found a transporter.
 11080 | Gauntlet | Found a transporter.
 11081 | Gauntlet | Found a transporter.
 11097 | Gauntlet | Noticed a dire elephant
 11101 | Gauntlet | Found a runed translucent door.
 11102 | Gauntlet | Noticed a white ugly thing
 11103 | Gauntlet | Noticed a cyan ugly thing
 11107 | Gauntlet | Noticed a glowing orange brain
 11109 | Gauntlet | Found a runed translucent door.
 11109 | Gauntlet | Found a runed translucent door.
 11124 | Gauntlet | Found a transporter.
 11133 | Gauntlet | Killed a dire elephant
 11134 | Gauntlet | Reached XP level 12. HP: 55/113 MP: 11/11
 11147 | Gauntlet | Identified the ring of Nerey {+Fly rCorr Int+3}
 11147 | Gauntlet | Noticed a minotaur
 11156 | Gauntlet | Slain by a minotaur

Illustrated notes

Levels and vault maps discovered:
D:1:      dpeg_arrival_three_bigger_balls, layout_basic
D:2:      layout_basic
D:3:      layout_basic, nicolae_qazlal_eye_of_the_storm, grunt_ministairs_14
D:4:      layout_gridville, cheibriados_altar_2, fedhas_bush_and_centaur_altar,
          nemelex_xobeh_ov_fountains_minmay, nzn_wu_jian_contemplation,
          nicolae_dithmenos_the_darkroom
D:5:      layout_basic
D:6:      layout_rooms, minmay_temple_entry_hall
D:7:      layout_loops_corners, eat_drink_and_be_merry_uskayaw,
          grunt_ministairs_12
D:8:      layout_basic, general_overflow_altar, uniq_pikel
D:9:      layout_roguey, fiery_altar_vehumet,
          gammafunk_temple_overflow_elements, lair_entry_dummy, basic_altar,
          minmay_misc_feat_nine_boxes, chequers_garden, uniq_psyche
D:10:     layout_small_grid, orc_david_3, basic_altar, serial_shops, shop,
          gammafunk_ghost_smash
D:11:     layout_basic, gauntlet_entry_generic
Temple:   pf_slimified_temple
Orc:1:    layout_diamond_mine
Orc:2:    grunt_orc_tribal_feast, layout_caves, basic_altar,
          nicolae_orc_lost_temple
Gauntlet: minmay_gauntlet_77_tree [minmay_gauntlet_arena_77_two_paths,
          minmay_gauntlet_arena_77_hold_the_fort, minmay_gauntlet_arena_77_fan,
          minmay_gauntlet_arena_77_p_blocks,
          minmay_gauntlet_arena_77_radiant_squares,
          minmay_gauntlet_arena_77_path, minmay_gauntlet_arena_77_cramped,
          gauntlet_exit_green]

Skill      XL: |  1  2  3  4  5  6  7  8  9 10 11 |
---------------+----------------------------------+-----
Fighting       | 4 5 6 8 9 10 12 | 12.7
Armour         | 4 5 6 7 9 10 12 | 12.5
Shields        | 4 5 6 7 9 10 | 10.6
Maces & Flails | 3 4 5 6 7 9 10 12 | 12.3
Dodging        | |  0.2
Stealth        | |  0.1

Action                   |  1- 3 |  4- 6 |  7- 9 | 10-12 || total
-------------------------+-------+-------+-------+-------++-------
Melee: Flail             |    75 |   100 |   259 |   140 ||   574
       Headbutt          |     5 |    15 |    45 |    80 ||   145
       Great mace        |       |       |       |   234 ||   234
Invok: Sacrifice Essence |       |       |     1 |       ||     1
       Draw Out Power    |       |       |       |     2 ||     2
       Sacrifice Artific |       |       |       |     1 ||     1
       Sacrifice Love    |       |       |       |     1 ||     1
  Use: Scroll            |     4 |     6 |     7 |     7 ||    24
       Potion            |       |     1 |     7 |     6 ||    14
 Stab: Invisible         |       |       |     2 |     5 ||     7
       Distracted        |       |       |       |     1 ||     1
Armor: Scale mail        |     5 |    26 |    14 |       ||    45
       Leather armour    |    17 |       |       |       ||    17
       Plate armour      |       |       |   118 |   236 ||   354
Dodge: Dodged            |    20 |    32 |    53 |   151 ||   256
Block: Kite shield       |    47 |    47 |   143 |    83 ||   320
